 Dungeon Crawl Stone Soup version 0.22-a0-348-gd16d139 (webtiles) character file.

1 xccam the Chiller (level 1, -2/13 HPs)
             Began as a Gnoll Wanderer on Apr 8, 2018.
             Slain by a gnoll
             ... wielding a cursed -3 spear
              (8 damage)
             ... on level 1 of the Dungeon.
             The game lasted 00:00:15 (20 turns).

xccam the Chiller (Gnoll Wanderer)                    Turns: 20, Time: 00:00:15

Health: -2/13      AC:  2    Str: 12    XL:     1   Next: 20%
Magic:  4/4        EV: 10    Int: 15    God:
Gold:   0          SH:  8    Dex: 15    Spells: 5/5 levels left

rFire    . . .     SeeInvis .   e - +0 dagger
rCold    . . .     Gourm    .   a - +0 shield
rNeg     . . .     Faith    .   d - +0 robe
rPois    .         Spirit   .   (no helmet)
rElec    .         Reflect  .   (no cloak)
rCorr    .         Harm     .   (no gloves)
MR       .....                  (no boots)
Stlth    ++........             (no amulet)
HPRegen  0.04/turn              (no ring)
MPRegen  0.09/turn              (no ring)

@: no status effects
A: distributed training, fangs 1, strong nose
a: no special abilities


You were on level 1 of the Dungeon.
You were not hungry.

You visited 1 branch of the dungeon, and saw 1 of its levels.

Inventory:

Hand Weapons
 e - a +0 dagger (weapon)
Armour
 a - a +0 shield (worn)
 d - a +0 robe (worn)
Comestibles
 f - a ration


   Skills:
 + Level 0.0 Fighting
 + Level 0.0 Short Blades
 + Level 0.0 Long Blades
 + Level 0.0 Axes
 + Level 0.0 Maces & Flails
 + Level 0.0 Polearms
 + Level 0.0 Staves
 + Level 0.0 Slings
 + Level 0.0 Bows
 + Level 0.0 Crossbows
 + Level 0.0 Throwing
 + Level 0.0 Armour
 + Level 2.3 Dodging
 + Level 2.1 Stealth
 + Level 2.3 Shields
 + Level 2.3 Unarmed Combat
 + Level 2.6 Spellcasting
 + Level 0.0 Conjurations
 + Level 1.9 Hexes
 + Level 0.0 Charms
 + Level 0.0 Summonings
 + Level 0.0 Necromancy
 + Level 0.0 Translocations
 + Level 0.0 Transmutations
 + Level 0.0 Fire Magic
 + Level 5.3 Ice Magic
 + Level 0.0 Air Magic
 + Level 0.0 Earth Magic
 + Level 0.0 Poison Magic
 + Level 0.0 Invocations
 + Level 2.3 Evocations


You had 5 spell levels left.
You didn't know any spells.

Dungeon Overview and Level Annotations

Branches:
Dungeon (1/15)

Altars:


Innate Abilities, Weirdness & Mutations

Your experience applies equally to all skills.
You have very sharp teeth.
Your uncanny sense of smell can sniff out nearby items.


Message History

The gnoll is moderately wounded.
The gnoll barely misses you.
A gnoll is nearby!
You hit the gnoll but do no damage.
The gnoll is moderately wounded.
The gnoll barely misses you.
A goblin comes into view.
You hit the gnoll.
The gnoll is severely wounded.
The gnoll hits you with a spear.
You are too injured to fight recklessly!
You are too injured to fight recklessly!
You are too injured to fight recklessly!
You are too injured to fight recklessly!
You are too injured to fight recklessly!
You hit the gnoll but do no damage.
The gnoll is severely wounded.
The gnoll hits you with a spear!
Ouch! That really hurt!
You die...

....#. ∆ ......
...... ..... ...
#.####)##
###.gg@...##
#...###....#..#
...#............
. ####.#####...
... ###.# #..#
...###...## #...
#......).##..#
.#........#..# .
............#...


You could see a gnoll and a goblin.

Vanquished Creatures
  A hobgoblin (D:1)
1 creature vanquished.

Notes
Turn   | Place    | Note
-------+----------+-------------------------------------------
     0 | D:1      | xccam the Gnoll Wanderer began the quest for the Orb.
     0 | D:1      | xccam set off with: a +0 shield, a +0 robe, a +0 dagger, a ration
     0 | D:1      | Reached XP level 1. HP: 13/13 MP: 4/4
    20 | D:1      | Slain by a gnoll

Vault maps used:
D:1:      scummos_arrival_forest, kennysheep_pointless_box

Action                   || total
-------------------------++-------
Melee: Dagger            ||     6
       Bite              ||     1
 Stab: Sleeping          ||     1
Dodge: Dodged            ||     2

Table legend:
 A = Spawn XP
 B = Non-spawn XP
 C = Spawn XP percentage of total XP
 D = Spawn monster count
 E = Non-spawn monster count
 F = Spawn count percentage of total count
 G = Total turns spent on level
                    A         B        C        D         E        F      G
               +---------+---------+-------+---------+---------+-------+---------
         Total |       0 |       2 |   0.0 |       0 |       1 |   0.0 |    20
               +---------+---------+-------+---------+---------+-------+---------
           D:1 |       0 |       2 |   0.0 |       0 |       1 |   0.0 |    20
               +---------+---------+-------+---------+---------+-------+---------
